 Dungeon Crawl Stone Soup version 0.31.0-32-g396128a36d (webtiles) character file.

Game seed: 18112739837720708217

261411 monsoonserge the Wrestler (level 20, -11/164 HPs)
             Began as an Octopode Shapeshifter on Apr 7, 2024.
             Was an Initiate of Gozag.
             Mangled by a salamander
             ... wielding a +0 halberd
              (15 damage)
             ... on level 4 of the Snake Pit.
             The game lasted 03:14:25 (47483 turns).

monsoonserge the Wrestler (Octopode Shapeshifter)  Turns: 47483, Time: 03:14:26

Health: -11/164    AC: 20    Str: 53    XL:     20   Next: 37%
Magic:  14/15      EV: 14    Int: 20    God:    Gozag
Gold:   5456       SH:  0    Dex: 18    Spells: 17/25 levels left

rFire   + +          .
                       - Unarmed
rCold   + + .        (shield currently unavailable)
rNeg    + + +        (helmet currently unavailable)
rPois   +            r - macabre finger necklace {Finger+ rN+}
rElec   +            i - ring "Fool" {^Drain rElec rF+ Will+ Int+3 Dex+2}
rCorr   +            h - ring "Nucsa" {Wiz rC+}
SInv    +            e - ring of Qumofoud {rF+ Str+6}
Will    ++++.        N - ring "Ceekilev" {rN+ AC+4 Str+2 Dex+2}
Stlth   ++++++       V - ring "Gikige Sesi" {rC+ rCorr Str+2 Dex+3 Stlth-}
HPRegen 0.47/turn    m - +4 ring of protection
MPRegen 0.14/turn    P - ring "Cusau" {Fire rPois rCorr MP-9 Str+7}
                     B - ring of Gezir {rElec rPois Str+6 Int+2}
                     p - ring of Harmony {Ice rN+ Will++ Int+3 Slay-2}

%: wizardry (x1)
@: about to teleport, snake-form, gold aura, flying, constricted
A: constrict, boosted hp, almost no armour, amphibious, 8 rings, large,
(camouflage 1), (gelatinous body 1), (nimble swimmer 1), (tentacles), (tentacle
spike 1), strong 1, noise suppression
}: 1/15 runes: decaying
a: Begin Untransformation, Renounce Religion, Potion Petition, Call Merchant,
Bribe Branch


You were on level 4 of the Snake Pit.
You worshipped Gozag.
Gozag was greatly pleased with you.
You were an enormous serpent.
You visited 8 branches of the dungeon, and saw 35 of its levels.
You also visited: Gauntlet, Ice Cave and Volcano.

You collected 16517 gold pieces.
You spent 4959 gold pieces at shops.
You paid 6102 gold pieces to Gozag.

Inventory:

Missiles
 M - 6 curare-tipped darts
 T - 5 atropa-tipped darts
 W - 5 datura-tipped darts
Jewellery
 e - the ring of Qumofoud (on tentacle) {rF+ Str+6}
   (You bought it in a shop on level 8 of the Dungeon)

   [ring of strength]

   Str+6:     It affects your strength (+6).
   rF+:       It protects you from fire.
 h - the ring "Nucsa" (right tentacle) {Wiz rC+}
   (You found it in a Gauntlet)

   [ring of wizardry]

   Wiz:       It improves your spell success rate.
   rC+:       It protects you from cold.
 i - the ring "Fool" (left tentacle) {^Drain rElec rF+ Will+ Int+3 Dex+2}
   (You found it on level 2 of the Elven Halls)

   [ring of protection from fire]

   Int+3:     It affects your intelligence (+3).
   Dex+2:     It affects your dexterity (+2).
   rF+:       It protects you from fire.
   rElec:     It insulates you from electricity.
   Will+:     It increases your willpower.
   ^Drain:    It drains your maximum health when unequipped.
 m - a +4 ring of protection (on tentacle)
 p - the ring of Harmony (on amulet) {Ice rN+ Will++ Int+3 Slay-2}
   (You took it off a naga sharpshooter on level 4 of the Snake Pit)

   [ring of ice]

   Ice:       It enhances your ice magic.
   Int+3:     It affects your intelligence (+3).
   Slay-2:    It affects your accuracy & damage with ranged weapons and melee
   (-2).
   rF-:       It makes you vulnerable to fire.
   rC+:       It protects you from cold.
   rN+:       It protects you from negative energy.
   Will++:    It greatly increases your willpower.
 r - the macabre finger necklace (around neck) {Finger+ rN+}
   (You bought it in a shop on level 2 of the Orcish Mines)

   [amulet of nothing]

   Finger+:   It enables you to equip an extra ring.
   rN+:       It protects you from negative energy.
 B - the ring of Gezir (on tentacle) {rElec rPois Str+6 Int+2}
   (You acquired it on level 8 of the Dungeon)

   [ring of strength]

   Str+6:     It affects your strength (+6).
   Int+2:     It affects your intelligence (+2).
   rElec:     It insulates you from electricity.
   rPois:     It protects you from poison
 E - a +5 ring of evasion
 N - the ring "Ceekilev" (on tentacle) {rN+ AC+4 Str+2 Dex+2}
   (You bought it in a shop on level 8 of the Dungeon)

   [ring of protection]

   AC+4:      It affects your AC (+4).
   Str+2:     It affects your strength (+2).
   Dex+2:     It affects your dexterity (+2).
   rN+:       It protects you from negative energy.
 P - the ring "Cusau" (on tentacle) {Fire rPois rCorr MP-9 Str+7}
   (You bought it in a shop on level 8 of the Dungeon)

   [ring of fire]

   Fire:      It enhances your fire magic.
   Str+7:     It affects your strength (+7).
   rF+:       It protects you from fire.
   rC-:       It makes you vulnerable to cold.
   rPois:     It protects you from poison MP-9: It affects your magic capacity
   (-9).
   rCorr:     It protects you from acid and corrosion.
 V - the ring "Gikige Sesi" (on tentacle) {rC+ rCorr Str+2 Dex+3 Stlth-}
   (You found it in an ice cave)

   [ring of protection from cold]

   Str+2:     It affects your strength (+2).
   Dex+3:     It affects your dexterity (+3).
   rC+:       It protects you from cold.
   rCorr:     It protects you from acid and corrosion.
   Stlth-:    It makes you less stealthy.
Talismans
 l - a blade talisman
 A - a talisman of death
 C - the serpent talisman of the Volcano (active) {Fly SInv Stlth+}
   (You took it off Aizul on level 3 of the Snake Pit)

   [serpent talisman]

   SInv:      It lets you see invisible.
   Fly:       It grants you flight.
   Stlth+:    It makes you more stealthy.
Wands
 a - a wand of digging (18)
 j - a wand of flame (115) (quivered)
 u - a wand of polymorph (12)
 y - a wand of roots (32)
 H - a wand of paralysis (31)
 K - a wand of mindburst (23)
 O - a wand of quicksilver (10)
Scrolls
 g - 3 scrolls of poison
 o - 2 scrolls of summoning
 v - a scroll of immolation
 x - 5 scrolls of fear
 F - 2 scrolls of torment
 G - 12 scrolls of teleportation
 I - 5 scrolls of fog
 Q - 4 scrolls of silence
 S - 2 scrolls of revelation
 Y - 3 scrolls of blinking
Potions
 b - 7 potions of haste
 c - 7 potions of lignification
 d - 14 potions of curing
 f - 2 potions of berserk rage
 k - 2 potions of ambrosia
 q - a potion of resistance
 s - 2 potions of magic
 w - 4 potions of might
 z - 8 potions of enlightenment
 D - 2 potions of invisibility
 J - a potion of heal wounds
 L - 7 potions of brilliance
 X - 2 potions of cancellation
 Z - 10 potions of mutation
Miscellaneous
 n - a lightning rod (4/4)
 t - a phantom mirror
 R - a box of beasts
 U - a condenser vane (inert)


   Skills:
 * Level 12.2 Fighting
 + Level 13.2 Dodging
 + Level 15.1 Stealth
 + Level 22.9 Unarmed Combat
 - Level 3.0 Spellcasting
 - Level 4.0 Translocations
 - Level 3.5 Alchemy
 + Level 10.6 Evocations
 + Level 15.4 Shapeshifting


You had 17 spell levels left.
You knew the following spells:

 Your Spells              Type           Power      Damage    Failure   Level
a - Lesser Beckoning      Tloc           38%        N/A       1%          2
b - Blink                 Tloc           38%        N/A       1%          2
c - Olgreb's Toxic Radia  Alch           17%        N/A       13%         4

Your spell library contained the following spells:

 Spells                   Type           Power      Damage    Failure   Level
 Apportation              Tloc           38%        N/A       1%          1
 Gell's Gravitas          Tloc           19%        N/A       3%          3
 Teleport Other           Tloc           19%        N/A       3%          3
 Momentum Strike          Conj/Tloc      22%        3d8       4%          2
 Kiss of Death            Conj/Necr      12%        2d6       6%          1
 Volatile Blastmotes      Fire/Tloc      32%        2d12      8%          3
 Ensorcelled Hibernation  Hex/Ice        8%         N/A       9%          2
 Jinxbite                 Hex            6%         N/A       9%          2
 Scorch                   Fire           8%         2d5       9%          2
 Static Discharge         Conj/Air       6%         3-4/arc   9%          2
 Passage of Golubria      Tloc           19%        N/A       11%         4
 Call Canine Familiar     Summ           3%         N/A       16%         3
 Confusing Touch          Hex            3%         N/A       16%         3
 Hailstorm                Conj/Ice       4%         3d5       16%         3
 Passwall                 Erth           3%         N/A       16%         3
 Sigil of Binding         Hex            3%         N/A       16%         3
 Summon Ice Beast         Ice/Summ       4%         N/A       16%         3
 Swiftness                Air            3%         N/A       16%         3
 Dimensional Bullseye     Hex/Tloc       5%         N/A       24%         4
 Iskenderun's Mystic Bla  Conj/Tloc      11%        2d4       24%         4
 Fulminant Prism          Conj/Alch      5%         3d7       26%         4
 Leda's Liquefaction      Alch/Erth      5%         N/A       26%         4
 Sticky Flame             Fire/Alch      15%        2d5       26%         4
 Alistair's Intoxication  Alch           11%        N/A       34%         5
 Airstrike                Air            1%         2d(1-17)  45%         4
 Brom's Barrelling Bould  Conj/Erth      3%         2d3       45%         4
 Dispel Undead            Necr           3%         3d7       45%         4
 Flame Wave               Conj/Fire      4%         2d5       45%         4
 Summon Lightning Spire   Summ/Air       3%         N/A       45%         4
 Fireball                 Conj/Fire      2%         3d4       80%         5
 Iskenderun's Battlesphe  Conj           3%         2d6       80%         5
 Lee's Rapid Deconstruct  Erth           1%         3d4*      80%         5
 Silence                  Hex/Air        1%         N/A       80%         5
 Dispersal                Tloc           9%         N/A       82%         6
 Sculpt Simulacrum        Ice/Alch       7%         N/A       98%         6
 Bombard                  Conj/Erth      1%         9d1       100%        6
 Conjure Ball Lightning   Conj/Air       1%         3x3d6     100%        6
 Summon Cactus Giant      Summ           1%         N/A       100%        6
 Haunt                    Necr/Summ      1%         N/A       100%        7
 Malign Gateway           Summ/Tloc      5%         N/A       100%        7
 Orb of Destruction       Conj           1%         9d5       100%        7
 Ozocubu's Refrigeration  Ice            2%         4d7       100%        7
 Borgnjor's Revivificati  Necr           1%         N/A       100%        8
 Discord                  Hex            1%         N/A       100%        8
 Lehudib's Crystal Spear  Conj/Erth      1%         10d2      100%        8
 Summon Horrible Things   Summ           1%         N/A       100%        8
 Death's Door             Necr           1%         N/A       100%        9


Dungeon Overview and Level Annotations

Branches:
Dungeon (15/15)            Temple (1/1) D:7            Lair (5/5) D:8
  Swamp (4/4) Lair:3        Snake (4/4) Lair:3        Slime (1/5) Lair:4
    Orc (2/2) D:9             Elf (3/3) Orc:2        Vaults (0/5) D:14
 Depths (0/4) D:15          IceCv (visited)         Volcano (visited)
Gauntlet (visited)

Altars:
Ashenzari
Cheibriados
Dithmenos
Elyvilon
Fedhas
Gozag
Hepliaklqana
Kikubaaqudgha
Makhleb
Nemelex Xobeh
Okawaru
Qazlal
Ru
Sif Muna
Trog
Uskayaw
Vehumet
Wu Jian
Xom
Yredelemnul
Zin
The Shining One
Jiyva

Shops:
D:3 !   D:4 *   D:8 *=?   D:11 ?!   Orc:2 *!=[   Lair:3 *   Snake:1 **
Snake:4 ?

Portals:
Hell: Lair:5
Pandemonium: Orc:2

Annotations:
Snake:1 2 transporters, exclusion: orange crystal statue
Elf:2 3 runed translucent doors


Innate Abilities, Weirdness & Mutations

You are an enormous serpent.
You have a powerful constriction melee attack.
Your maximum health is increased.
Your armour is entirely melded.
You are incapable of wielding weapons or throwing items.
You cannot wear most types of armour.
You are amphibious.
You can wear up to eight rings at the same time.
((Your skin changes colour to match your surroundings (Stealth+).))
((Your rubbery body absorbs attacks. (AC +1, EV +1)))
((You are camouflaged when in or above water. (Stealth+)))
((You have tentacles for arms and can constrict up to eight enemies at once.))
((One of your tentacles bears a spike.))
Your muscles are strong. (Str +4, Int/Dex -1)
You passively dampen the noise of your surroundings.


Message History

The naga sharpshooter unwields a +0 battleaxe.
The naga sharpshooter wields a +0 shortbow.
The naga sharpshooter shoots an arrow.
The arrow closely misses you.
As you read the scroll of teleportation, it crumbles to dust.
You feel strangely unstable.
The salamander hits you from afar with a +0 halberd.
You are engulfed in flames.
You resist.
The naga sharpshooter casts a spell.
The naga sharpshooter magically shoots an arrow.
The arrow hits you!!
* * * LOW HITPOINT WARNING * * *
You feel much better.
You feel ready to blink again. The salamander barely misses you.
The salamander throws a stone.
The stone misses you.
You barely miss the nagaraja. You grab the nagaraja.
You constrict the nagaraja, but do no damage.
The nagaraja gestures at you while chanting.
The bolt of poison hits you! You resist.
* * * LOW HITPOINT WARNING * * *
The salamander closely misses you.
Unknown command.
You lash the nagaraja!
The nagaraja is moderately wounded.
You constrict the nagaraja.
The nagaraja hits you but does no damage.
The nagaraja grabs you. The nagaraja constricts you.
* * * LOW HITPOINT WARNING * * *
Unknown command.
You crush the nagaraja!!!
The nagaraja is almost dead.
You constrict the nagaraja!
The salamander shoots an arrow.
The arrow hits you!
* * * LOW HITPOINT WARNING * * *
The nagaraja hits you with a +0 club!!
* * * LOW HITPOINT WARNING * * *
The nagaraja constricts you.
* * * LOW HITPOINT WARNING * * *
The salamander hits you from afar with a +0 halberd!
You die...
Your body crumbles into a pile of gold.

§≈.φ§≈§§≈.≈### §≈...≈§§§.≈≈§###
≈≈≈.≈§≈≈≈.≈≈...##
≈≈≈.§≈≈≈$N.$.$$.##
§≈≈.≈§§≈.≈≈≈###..#
.....§$..§≈## #..# ≈#####≈§§≈§#
##..# N ##≈≈§##§≈≈§###..##
######N ## ##.S≈N.##≈####.)##
.....#..##.###...N...###.##..#
..)))#..N.#.........§[§N#....#
..)))##..N..#....§§.§.#.....###
####).#
.#....)§§§.§§..#..##.### #
##).####.##.).§.§..)##.####.##.
#
#.....########'#'########....#.
# #.........###.....###
##....... #
#........##...≈≈≈...###........


You could see a nagaraja (fast), a salamander tyrant and 2 salamanders.

Vanquished Creatures
  2 thorn hunters (Swamp:4)
  Agnes (D:15)
  Aizul (Snake:3)
  Kirke (D:12)
  Donald (Orc:2)
  5 nagarajas (Snake:4)
  A deep elf sorcerer (Elf:1)
  Louise (Snake:3)
  A reaper (Gauntlet)
  A very ugly thing (D:15)
  3 eleionomae
  Azrael (Orc:2)
  A deep elf annihilator (Elf:1)
  A minotaur (Gauntlet)
  5 bunyips
  Snorg (D:11)
  6 salamander tyrants
  2 shambling mangroves (Swamp:4)
  The ghost of jimmypageman the Thaumaturge, a journeyman GnWn of Okawaru (D:11)
  A rakshasa (D:15)
  3 ice dragons (Swamp:4)
  15 hydras
  A ghost crab (Swamp:3)
  A demonspawn (Orc:2)
  7 alligators
  11 anacondas
  4 centaur warriors
  3 boulder beetles
  2 ironbound frosthearts (IceCv)
  2 catoblepae
  4 two-headed ogres
  11 death yaks
  16 naga warriors
  14 dancing weapons
  A hell hog (Volcano)
  6 orc high priests
  3 tengu warriors
  Urug (D:14)
  8 spriggans
  23 naga sharpshooters
  6 shock serpents
  3 skysharks (Lair:5)
  Sonja (D:11)
  9 deep elf knights
  2 sixfirhies
  A death drake (Orc:1)
  3 goliath frogs (Swamp:2)
  2 salamander mystics
  2 spriggan druids (Lair:3)
  7 swamp dragons
  11 mana vipers
  Lodul (D:11)
  3 arcanists
  A glowing orange brain (D:15)
  6 naga ritualists
  7 deep elf archers
  5 bog bodies
  3 lindwurms
  23 deep elf pyromancers
  25 deep elf zephyrmancers
  10 ugly things
  3 manticores
  3 orc knights
  6 orc sorcerers (Orc:2)
  29 salamanders
  Maurice (Orc:2)
  4 cyclopes
  4 will-o-the-wisps
  A meliai (D:15)
  24 elephants
  An ice statue (IceCv)
  11 guardian serpents
  A rust devil (Orc:2)
  A torpor snail (shapeshifter) (D:15)
  A black mamba (shapeshifter) (D:14)
  2 smoke demons
  3 kobold blastminers
  14 cane toads
  15 naga magi
  A cane toad (shapeshifter) (Elf:1)
  49 black mambas
  3 gargoyles
  A molten gargoyle (Volcano)
  7 rime drakes
  3 orange demons (Lair:5)
  13 komodo dragons
  2 unseen horrors
  A yaktaur (D:14)
  An efreet (D:13)
  2 ice devils (Lair:5)
  4 freezing wraiths (Swamp:4)
  A bloated husk (Swamp:3)
  4 trolls
  A red devil (Lair:5)
  6 tyrant leeches
  10 hornets
  13 polar bears
  4 hellwings
  38 blink frogs
  20 slime creatures
  2 wraiths
  6 wyverns
  A vampire (D:9)
  2 water elementals
  An air elemental (Elf:3)
  A ynoxinul (Orc:2)
  14 fire bats (Volcano)
  5 basilisks
  80 yaks
  5 hogs (D:12)
  8 fire elementals
  15 humans (D:14)
  2 wargs (Orc:1)
  4 vampire mosquitoes
  3 steam dragons
  2 neqoxecs (D:11)
  62 nagas
  17 swamp worms
  Menkaure (D:6)
  4 swamp worm simulacra (Swamp:4)
  3 acid dragons
  14 water moccasins
  7 hell hounds
  14 hydra simulacra (Swamp:4)
  A sky beast (D:4)
  4 black bears
  5 swamp drakes
  An ice beast (D:8)
  30 orc warriors
  14 ogres
  A tengu (shapeshifter) (D:15)
  41 wolves
  9 centaurs
  A phantom (D:6)
  A kobold brigand (D:9)
  12 bullfrogs
  5 gnoll sergeants
  3 scorpions
  19 wights
  5 killer bees (D:11)
  4 electric eels (Lair:1)
  12 howler monkeys
  4 crimson imps (Gauntlet)
  7 lava snakes
  3 quasits (D:11)
  4 hounds
  9 jellies
  2 bombardier beetles (D:5)
  27 orc priests
  7 iguanas
  Terence (D:2)
  3 sleepcaps
  Natasha (thrice) (D:3)
  20 orc wizards
  5 hell rats (Lair:1)
  14 gnolls
  8 adders
  2 shadow imps
  3 white imps
  2 ufetubi (D:6)
  4 swamp drake simulacra (Swamp:4)
  3 dart slugs
  3 ribbon worms
  57 orcs
  4 ball pythons
  7 endoplasms
  3 giant cockroaches
  4 goblins
  4 hobgoblins
  2 jackals (D:5)
  A quokka (D:1)
  3 bats
  3 frilled lizards
  9 kobolds
  4 rats
1288 creatures vanquished.

Vanquished Creatures (others)
  A naga warrior (Snake:4)
  2 bloated husks (Swamp:3)
  A human (D:12)
  An orc warrior (Orc:2)
  A swamp drake (Swamp:3)
  16 foxfires
22 creatures vanquished.

Grand Total: 1310 creatures vanquished

Notes
Turn   | Place    | Note
-------+----------+-------------------------------------------
     0 | D:1      | monsoonserge the Octopode Shapeshifter began the quest for
                  | the Orb.
     0 | D:1      | Reached XP level 1. HP: 13/13 MP: 1/1
   261 | D:1      | Found a faded altar of an unknown god.
   286 | D:1      | Prayed at the altar of an unknown god.
   286 | D:1      | Became a worshipper of Gozag Ym Sagoz the Greedy
   317 | D:1      | Reached XP level 2. HP: 17/18 MP: 2/2
   761 | D:2      | Reached skill level 4 in Unarmed Combat
   824 | D:2      | Reached XP level 3. HP: 23/23 MP: 3/3
   868 | D:2      | Noticed Terence
   875 | D:2      | Killed Terence
  1160 | D:3      | Reached XP level 4. HP: 28/28 MP: 4/4
  1389 | D:2      | Reached skill level 5 in Unarmed Combat
  1636 | D:3      | Noticed Natasha
  1776 | D:3      | Found Tiag's Distillery.
  1785 | D:3      | Bought a potion of mutation for 80 gold pieces
  1785 | D:3      | Bought a potion of heal wounds for 50 gold pieces
  1785 | D:3      | Bought a potion of curing for 30 gold pieces
  1973 | D:3      | Killed Natasha
  2036 | D:3      | Noticed Natasha
  2043 | D:3      | Killed Natasha
  2044 | D:3      | Reached XP level 5. HP: 33/33 MP: 5/5
  2329 | D:3      | Noticed Natasha
  2334 | D:3      | Killed Natasha
  2433 | D:4      | Reached skill level 6 in Unarmed Combat
  2446 | D:4      | Reached skill level 1 in Stealth
  2446 | D:4      | Reached XP level 6. HP: 22/38 MP: 6/6
  2738 | D:4      | Noticed a sky beast
  2750 | D:4      | Killed a sky beast
  2882 | D:4      | Reached skill level 7 in Unarmed Combat
  2885 | D:4      | Found Zin's Purification Station.
  2885 | D:4      | Found a glowing silver altar of Zin.
  3156 | D:4      | Reached XP level 7. HP: 30/43 MP: 7/7
  3590 | D:5      | Entered Level 5 of the Dungeon
  3710 | D:5      | Found a shadowy altar of Dithmenos.
  3828 | D:5      | Reached skill level 8 in Unarmed Combat
  4049 | D:5      | Found a glowing golden altar of the Shining One.
  4059 | D:5      | Found a sparkling altar of Nemelex Xobeh.
  4108 | D:5      | Found a snail-covered altar of Cheibriados.
  4371 | D:5      | Reached XP level 8. HP: 44/50 MP: 8/8
  4870 | D:6      | Found a stormy altar of Qazlal.
  4925 | D:7      | Reached skill level 5 in Shapeshifting
  4925 | D:7      | Found a staircase to the Ecumenical Temple.
  5047 | Temple   | Entered the Ecumenical Temple
  5877 | D:6      | Noticed Menkaure
  5885 | D:6      | Killed Menkaure
  5958 | D:6      | Reached XP level 9. HP: 43/54 MP: 9/9
  6409 | D:6      | Identified the +8 halberd of Crusades {flame, Dex+2}
  6999 | D:7      | Reached skill level 9 in Unarmed Combat
  7616 | D:8      | Noticed a cyclops
  7625 | D:8      | Found a staircase to the Lair.
  7933 | D:3      | Bought a potion of lignification for 30 gold pieces
  7933 | D:3      | Bought a potion of ambrosia for 80 gold pieces
  8286 | D:8      | Found a burning altar of Makhleb.
  8288 | D:8      | Noticed a balrug
  8397 | D:8      | Killed a cyclops
  8398 | D:8      | Reached skill level 10 in Unarmed Combat
  8398 | D:8      | Reached XP level 10. HP: 44/61 MP: 10/10
  8789 | D:8      | Reached skill level 11 in Unarmed Combat
  8970 | D:9      | Found a broken altar of Ashenzari.
  9135 | D:8      | Bought a scroll labelled METUTW DOPLIP for 27 gold pieces
  9135 | D:8      | Bought a black potion for 24 gold pieces
  9135 | D:8      | Bought a bronze wand for 108 gold pieces
  9278 | D:9      | HP: 3/63 [orc warrior/+0 battleaxe (22)]
  9732 | D:9      | Found a large runed translucent door.
  9732 | D:9      | Found a large runed translucent door.
  9736 | D:9      | Noticed a deep elf pyromancer
  9891 | D:9      | Reached skill level 1 in Evocations
 10005 | D:9      | Found a large runed translucent door.
 10008 | D:9      | Noticed an arcanist
 10009 | D:9      | Found a large runed translucent door.
 10021 | D:9      | Reached skill level 5 in Stealth
 10039 | D:9      | Noticed an arcanist
 10041 | D:9      | Reached XP level 11. HP: 52/69 MP: 11/11
 10047 | D:9      | Killed an arcanist
 10048 | D:9      | Reached skill level 12 in Unarmed Combat
 10227 | D:8      | Bought a blackened emerald ring for 135 gold pieces
 10554 | D:9      | Found a staircase to the Orcish Mines.
 10573 | D:9      | Reached skill level 5 in Dodging
 10943 | D:10     | Entered Level 10 of the Dungeon
 11927 | D:11     | Noticed Snorg
 11927 | D:11     | Noticed a two-headed ogre
 11993 | D:11     | Noticed a green ugly thing
 12014 | D:11     | HP: 2/70 [cyan ugly thing (12)]
 12018 | D:11     | Killed a cyan ugly thing
 12410 | Lair:1   | Entered Level 1 of the Lair of Beasts
 12417 | Lair:1   | Reached skill level 13 in Unarmed Combat
 12417 | Lair:1   | Reached skill level 10 in Shapeshifting
 12438 | D:8      | Reached skill level 5 in Fighting
 12803 | Lair:1   | Reached XP level 12. HP: 77/77 MP: 12/12
 13388 | Lair:1   | HP: 4/92 [poisoned by a cane toad]
 13392 | Lair:1   | HP: 1/92 [poisoned by a cane toad]
 13793 | Lair:1   | Reached skill level 14 in Unarmed Combat
 14250 | D:11     | Found a transporter.
 14258 | D:11     | Killed a two-headed ogre
 14260 | D:11     | Noticed jimmypageman's ghost (journeyman GnWn)
 14294 | D:11     | Found a transporter.
 14493 | D:11     | Noticed Sonja
 14500 | D:11     | Killed Sonja
 14519 | D:11     | Noticed Lodul
 14526 | D:11     | Noticed a two-headed ogre
 14530 | D:11     | Killed Lodul
 14539 | D:11     | Killed a two-headed ogre
 14931 | D:11     | Reached XP level 13. HP: 83/83 MP: 13/13
 15153 | D:8      | Bought the ring "Ceekilev" {rN+ AC+4 Str+2 Dex+2} for 889
                  | gold pieces
 16151 | Lair:2   | Reached skill level 15 in Unarmed Combat
 16614 | D:8      | Bought the ring "Cusau" {Fire rPois rCorr MP-9 Str+7} for
                  | 601 gold pieces
 16675 | D:9      | Reached skill level 5 in Evocations
 16792 | D:11     | Killed Snorg
 16976 | D:11     | Gained mutation: You have hidden genetic defects. [a
                  | neqoxec]
 16993 | D:11     | Killed jimmypageman's ghost
 17013 | D:11     | Lost mutation: You have hidden genetic defects. [potion of
                  | mutation]
 17013 | D:11     | Gained mutation: Your muscles are strong. (Str +4, Int/Dex
                  | -1) [potion of mutation]
 17013 | D:11     | Gained mutation: You passively dampen the noise of your
                  | surroundings. [potion of mutation]
 17013 | D:11     | Gained mutation: One of your tentacles bears a spike.
                  | [potion of mutation]
 17628 | Lair:3   | Found a staircase to the Swamp.
 17660 | Lair:2   | HP: 5/103 [poisoned by a cane toad]
 18342 | Lair:3   | Found a staircase to the Snake Pit.
 18368 | Lair:3   | Reached XP level 14. HP: 92/92 MP: 5/14
 18873 | Lair:4   | Found a frozen archway.
 18971 | IceCv    | Entered an ice cave
 19690 | IceCv    | Reached skill level 16 in Unarmed Combat
 19966 | IceCv    | Identified the ring "Gikige Sesi" {rC+ rCorr Str+2 Dex+3
                  | Stlth-}
 20382 | Lair:4   | Found a viscous altar of Jiyva.
 20382 | Lair:4   | Found a staircase to the Slime Pits.
 21009 | D:8      | Bought a scroll of revelation for 127 gold pieces
 21009 | D:8      | Bought a scroll of teleportation for 51 gold pieces
 21009 | D:8      | Bought a scroll of blinking for 127 gold pieces
 21102 | Slime:1  | Entered Level 1 of the Pits of Slime
 21102 | Slime:1  | Noticed an acid blob
 21102 | Slime:1  | Noticed an acid blob
 21132 | Lair:5   | Entered Level 5 of the Lair of Beasts
 21791 | Lair:5   | Reached XP level 15. HP: 100/100 MP: 6/15
 21978 | D:8      | Bought a scroll of acquirement for 884 gold pieces
 21978 | D:8      | Acquired the ring of Gezir {rElec rPois Str+6 Int+2}
 22590 | Lair:5   | Reached skill level 10 in Dodging
 22782 | Lair:5   | Reached skill level 17 in Unarmed Combat
 22945 | Lair:5   | Learned a level 2 spell: Lesser Beckoning
 23241 | Lair:5   | Got the Tome of Fetid Hypothermia
 23248 | Lair:5   | Reached skill level 1 in Translocations
 23432 | Lair:5   | Reached skill level 1 in Spellcasting
 23575 | Lair:5   | Found a burning altar of Makhleb.
 23801 | Lair:5   | Found a gateway to Hell.
 24122 | D:8      | Bought the ring of Qumofoud {rF+ Str+6} for 800 gold pieces
 24218 | Orc:1    | Entered Level 1 of the Orcish Mines
 24474 | Orc:2    | Entered Level 2 of the Orcish Mines
 24486 | Orc:2    | Noticed Maurice
 24494 | Orc:2    | Killed Maurice
 24509 | Orc:2    | Found a dark tunnel.
 24563 | Volcano  | Entered a volcano
 24762 | Volcano  | Found a burning altar of Makhleb.
 24944 | Orc:2    | Found a gate leading to a gauntlet.
 24961 | Gauntlet | Entered a Gauntlet
 24961 | Gauntlet | Found a transporter.
 24961 | Gauntlet | Found a transporter.
 24961 | Gauntlet | Found a transporter.
 24965 | Gauntlet | Found a transporter.
 24976 | Gauntlet | Found a transporter.
 24976 | Gauntlet | Found a transporter.
 25018 | Gauntlet | Found a transporter.
 25020 | Gauntlet | Found a transporter.
 25036 | Gauntlet | Found a transporter.
 25061 | Gauntlet | Found a transporter.
 25061 | Gauntlet | Found a transporter.
 25088 | Gauntlet | Found a transporter.
 25289 | Gauntlet | Identified the +1 pair of gloves of Resourcefulness {rF-
                  | rC+++ Dex+3}
 25317 | Gauntlet | Reached XP level 16. HP: 109/109 MP: 10/19
 25380 | Gauntlet | Identified the ring "Nucsa" {Wiz rC+}
 25488 | Gauntlet | Reached skill level 10 in Fighting
 25782 | Orc:2    | Noticed Nessos
 26052 | Orc:1    | Nessos changed into Nessos the death drake
 26052 | Orc:1    | Noticed Nessos
 26058 | Orc:1    | Killed Nessos the death drake
 26562 | Orc:2    | Found Nabecoph's General Store.
 26565 | Orc:2    | Found Fiwi's Distillery.
 27191 | Orc:2    | Found Qoettour's Jewellery Shoppe.
 27191 | Orc:2    | Found a one-way gate leading to the halls of Pandemonium.
 27191 | Orc:2    | Found Goint's Antique Armour Emporium.
 27232 | Orc:2    | Bought 2 potions of might for 144 gold pieces
 27278 | Orc:2    | Found a staircase to the Elven Halls.
 27306 | Orc:2    | Noticed Donald
 27307 | Orc:2    | Noticed Azrael
 27409 | Orc:1    | Reached skill level 18 in Unarmed Combat
 27570 | Orc:2    | Killed Donald
 27571 | Orc:2    | Reached skill level 10 in Stealth
 27579 | Orc:2    | Killed Azrael
 28115 | D:12     | Noticed Kirke
 28127 | D:12     | Noticed a sphinx
 28146 | D:12     | Killed Kirke
 28288 | D:11     | Bought a scroll of fog for 56 gold pieces
 29119 | D:11     | Bought a potion of lignification for 36 gold pieces
 29625 | D:14     | Noticed Urug
 29625 | D:14     | Found a gate to the Vaults.
 30657 | D:14     | Found a radiant altar of Vehumet.
 30667 | D:14     | Killed Urug
 31109 | D:15     | Entered Level 15 of the Dungeon
 31337 | D:15     | Reached XP level 17. HP: 115/115 MP: 12/21
 31368 | D:15     | Found a staircase to the Depths.
 31456 | D:15     | Reached skill level 19 in Unarmed Combat
 31483 | D:15     | Noticed Agnes
 31492 | D:15     | Killed Agnes
 31705 | D:15     | Found an ornate altar of the Wu Jian Council.
 32243 | Elf:1    | Entered Level 1 of the Elven Halls
 33024 | Elf:1    | Found a radiant altar of Vehumet.
 33994 | Elf:2    | Identified the ring "Fool" {^Drain rElec rF+ Will+ Int+3
                  | Dex+2}
 34116 | Orc:2    | Bought the macabre finger necklace {Finger+ rN+} for 680
                  | gold pieces
 34116 | Orc:2    | Found the macabre finger necklace {Finger+ rN+}
 34587 | Elf:2    | Reached skill level 20 in Unarmed Combat
 34611 | Elf:2    | Found a runed translucent gate.
 34617 | Elf:2    | Found a runed translucent gate.
 34617 | Elf:2    | Found a runed translucent gate.
 34752 | Elf:2    | Noticed a deep elf blademaster
 34783 | Elf:3    | Entered Level 3 of the Elven Halls
 35113 | Elf:3    | Reached XP level 18. HP: 121/121 MP: 13/22
 35359 | Elf:3    | Paralysed by an air elemental for 1 turns
 35784 | Swamp:1  | Entered Level 1 of the Swamp
 36014 | Swamp:1  | Reached skill level 10 in Evocations
 36849 | Swamp:2  | Learned a level 2 spell: Blink
 37941 | Swamp:3  | Learned a level 4 spell: Olgreb's Toxic Radiance
 38193 | Swamp:3  | Reached skill level 1 in Alchemy
 38572 | Swamp:4  | Entered Level 4 of the Swamp
 39205 | Swamp:4  | Reached skill level 21 in Unarmed Combat
 39803 | Swamp:4  | Got a decaying rune of Zot
 40439 | Snake:1  | Entered Level 1 of the Snake Pit
 40640 | Snake:1  | Found a transporter.
 40691 | Snake:1  | Found a transporter.
 40951 | Snake:1  | Reached XP level 19. HP: 92/127 MP: 14/23
 41543 | Snake:1  | Found Yreh's Assorted Antiques.
 41548 | Snake:1  | Found Xipp's General Store.
 42011 | Snake:2  | Reached skill level 15 in Shapeshifting
 42997 | Snake:3  | Noticed Louise
 43205 | Snake:3  | Reached skill level 22 in Unarmed Combat
 43295 | Snake:3  | Identified the serpent talisman of the Volcano {Fly SInv
                  | Stlth+}
 43295 | Snake:3  | Noticed Aizul
 43301 | Snake:3  | Killed Aizul
 43558 | Snake:3  | Killed Louise
 44756 | Snake:4  | Entered Level 4 of the Snake Pit
 45670 | Snake:4  | Identified the ring of Harmony {Ice rN+ Will++ Int+3
                  | Slay-2}
 45778 | Snake:4  | Reached XP level 20. HP: 119/136 MP: 15/24
 46571 | Snake:4  | Reached skill level 15 in Stealth
 47157 | Snake:4  | Found Peash's Magic Scroll Shop.
 47483 | Snake:4  | HP: 6/164 [nagaraja/+0 club (20)]
 47483 | Snake:4  | Mangled by a salamander

Illustrated notes

Levels and vault maps discovered:
D:1:      lightli_arrival_statuegarden, layout_loops_ring,
          shapermc_ecumenical_altar_starsandcircs,
          amcnicky_mini_rare_corridor_liquid, hangedman_abyss_or_decor_stabs
D:2:      layout_basic, uniq_terence
D:3:      layout_loops_corners, serial_shops, shop, minmay_between, uniq_natasha
D:4:      layout_loops_ring, zin_purify
D:5:      layout_basic, mainiacjoe_overflow_brackets,
          mainiacjoe_overflow_tiny_flanked, amethyst_overflow_temple_binary
D:6:      layout_basic, nicolae_qazlal_general_emergency,
          minmay_misc_feat_pillars, nicolae_zen_rock_garden, uniq_menkaure
D:7:      layout_loops_cross, minmay_temple_entry_stoned_glass
D:8:      layout_rooms, makhleb_altar_promises_db, due_lair_maze_entry_diamond
D:9:      layout_irregular_city, nicolae_ashenzari_skybound, erik_orc_1,
          minmay_hollow_rounded_squares
D:10:     layout_roguey
D:11:     layout_cave_pools, gammafunk_ghost_stat_death, uniq_snorg, uniq_lodul,
          uniq_sonja
D:12:     layout_irregular_city, uniq_kirke
D:13:     layout_basic
D:14:     layout_roguey, david_vaults_3, vehumet_crystals
D:15:     gammafunk_enter_depths_forms, layout_basic,
          nicolae_wu_jian_immortal_techniques, minmay_microvault, uniq_agnes
Temple:   minmay_temple_curvy_branch
Lair:1:   layout_roguey, eino_small_chamber_without_monster,
          serial_bayou_lake_a, infiniplex_staircase_pool, serial_bayou_shore_b
Lair:2:   layout_loops_ring, columned_hall_lemuel
Lair:3:   layout_regular_city, mainiacjoe_swamp_entry_angry_trees,
          minmay_snake_entry_guardpost_medium
Lair:4:   layout_hall_layers, nicolae_slime_entry_field_trip,
          portal_ice_cave_entry_pillars_2, cheibrodos_lair_lostbears,
          lemuel_fruit_fields
Lair:5:   evil_forest, layout_regular_city, guppyfry_lair_drakes,
          lemuel_fruit_tree
Swamp:1:  layout_basic_swamp, serial_swamp_ruin, hangedman_swamp_ruin_wall,
          evilmike_swamp_ruin_house_4
Swamp:2:  layout_falls_marsh, hangedman_swamp_ruin_hall,
          infiniplex_staircase_pool_2, nicolae_swamp_tree_isthmus
Swamp:3:  layout_basic_swamp, evilmike_swamp_ruin_house_2,
          nicolae_swamp_long_stream
Swamp:4:  swamp_icy, layout_basic_swamp
Snake:1:  gammafunk_sealed_arena, layout_rooms, nicolae_snake_coiling_death,
          minmay_shop_star
Snake:2:  layout_rooms, grunt_megastairs_1
Snake:3:  layout_chambers, drop_trap, grunt_megastairs_4, uniq_louise,
          uniq_aizul
Snake:4:  grunt_snake_rune_pools, layout_gridlike, serial_shops,
          nicolae_shop_hallway_plus, nicolae_snake_snakewalk
Slime:1:  layout_caves
Orc:1:    layout_caves
Orc:2:    pf_orc_diabolical, layout_caves, gauntlet_entry_generic,
          nicolae_volcano_entry_vermiform, uniq_donald, uniq_nessos,
          uniq_maurice, uniq_azrael
Elf:1:    minmay_elf_arrival_summoners, layout_geoelf_diagonals, basic_altar,
          minmay_elf_crystal_hexagon, grunt_megastairs_2
Elf:2:    nicolae_elf_blades_crystal_corner, layout_loops_corners, serial_glass,
          glass_columns_a, glass_columns_a
Elf:3:    elf_hall_gauntlet_wide, layout_geoelf_castle, uniq_zenata

Skill      XL: |  1  2  3  4  5  6  7  8  9 10 11 12 13 14 15 16 17 18 19 20 |
---------------+-------------------------------------------------------------+-----
Unarmed Combat | 4 5 6 7 8 10 11 13 14 15 16 17 18 20 21 22 | 22.9
Stealth        | 1 2 4 5 6 7 8 9 11 12 13 14 15 | 15.1
Dodging        | 3 4 5 6 8 9 10 11 12 13 | 13.2
Fighting       | 2 4 5 6 7 8 9 10 11 12 | 12.2
Shapeshifting  | 7 8 9 10 11 12 13 14 15 | 15.4
Evocations     | 1 2 4 6 7 9 10 | 10.6
Translocations | 2 3 4 |  4.0
Spellcasting   | 2 3 |  3.0
Alchemy        | 3 |  3.5

Action                     |  1- 3 |  4- 6 |  7- 9 | 10-12 | 13-15 | 16-18 | 19-21 || total
---------------------------+-------+-------+-------+-------+-------+-------+-------++-------
  Melee: Unarmed           |    43 |    81 |   230 |   546 |   813 |  1007 |   495 ||  3215
         Constrict         |    10 |    19 |    60 |   103 |   157 |   170 |   128 ||   647
         Punch             |     4 |     2 |    12 |       |       |     1 |       ||    19
         Tentacles         |     4 |    17 |    77 |    81 |       |       |       ||   179
  Throw: Dart              |       |       |     7 |       |       |       |       ||     7
         Boomerang         |       |       |     2 |       |       |       |       ||     2
   Cast: Lesser Beckoning  |       |       |       |       |       |     1 |       ||     1
         Blink             |       |       |       |       |       |       |     2 ||     2
 Invoke: Call Merchant     |       |       |       |     2 |     1 |     3 |       ||     6
         Potion Petition   |       |       |       |     2 |       |       |       ||     2
  Evoke: Wand              |       |     2 |       |    18 |     9 |     5 |     1 ||    35
         Lightning rod     |       |       |       |       |     3 |       |     3 ||     6
         Condenser vane    |       |       |       |       |       |       |     2 ||     2
    Use: Potion            |       |     2 |     2 |     3 |     1 |     2 |     1 ||    11
         Scroll            |       |       |     8 |     5 |     5 |    10 |     3 ||    31
   Stab: Sleeping          |     8 |     9 |     6 |     3 |    19 |    28 |    16 ||    89
         Distracted        |       |       |       |     1 |     4 |    11 |     6 ||    22
 Armour: Skin              |    12 |    34 |   113 |   243 |   426 |   521 |   262 ||  1611
  Dodge: Dodged            |    17 |    31 |   106 |   330 |   587 |   663 |   361 ||  2095
  Block: Other             |       |       |       |    14 |   122 |    60 |       ||   196
         Reflection        |       |       |       |       |     1 |     2 |       ||     3
   Form: Flux              |       |       |     1 |     2 |       |       |       ||     3
         Serpent           |       |       |       |     4 |     1 |     1 |     1 ||     7
         Blade             |       |       |       |     1 |     1 |     1 |       ||     3
